 Dungeon Crawl Stone Soup version 0.23.2-40-g277498a001 (webtiles) character file.

Game seed: 17107236870053865151

105772 Amplified the Swashbuckler (level 16, -13/113 HPs)
             Began as a Halfling Assassin on Oct 17, 2019.
             Was the Champion of Dithmenos.
             Shot with a bolt by a yaktaur captain (33 damage)
             ... on level 14 of the Dungeon.
             The game lasted 00:49:36 (23902 turns).

Amplified the Swashbuckler (Halfling Assassin)     Turns: 23902, Time: 00:49:36

Health: -13/113    AC: 19    Str: 12    XL:     16   Next: 96%
Magic:  0/31       EV: 25    Int: 10    God:    Dithmenos [******]
Gold:   200        SH:  0    Dex: 24    Spells: 21/21 levels left

rFire    . . .     SeeInvis .   w - +4 rapier (venom)
rCold    . . .     Gourm    .   (shield restricted)
rNeg     + . .     Faith    .   o - +4 moon troll leather armour {Spirit, Regen++ MP+5}
rPois    .         Spirit   +   c - +2 helmet
rElec    +         Reflect  .   R - +2 cloak
rCorr    .         Harm     .   m - +0 pair of gloves
MR       ++...                  p - +0 pair of boots (curse)
Stlth    ++++++++++             i - amulet of regeneration
HPRegen  1.48/turn              H - ring of protection from magic
MPRegen  0.22/turn              Q - ring of the Saviour {rElec rN+ Dex+2 Stlth+}

@: wreathed by umbra
A: small, mutation resistance 1
a: Shadow Step, Shadow Form, Renounce Religion


You were on level 14 of the Dungeon.
You worshipped Dithmenos.
Dithmenos was exalted by your worship.
You were not hungry.

You visited 5 branches of the dungeon, and saw 26 of its levels.
You also visited: Ice Cave.

You collected 2771 gold pieces.
You spent 2571 gold pieces at shops.

Inventory:

Hand Weapons
 v - a +0 lajatang of speed
 w - a +4 rapier of venom (weapon)
 y - a +3 vampiric lajatang
 O - a +4 eveningstar of venom
 P - a +0 short sword of electrocution
Missiles
 e - 99 poisoned needles
 f - 14 curare-tipped needles
 F - 4 needles of sleeping
 L - 7 needles of frenzy
Armour
 c - a +2 helmet (worn)
 m - a +0 pair of gloves (worn)
 o - the +4 moon troll leather armour (worn) {Spirit, Regen++ MP+5}
   (You found it on level 5 of the Dungeon)

   It affects your magic capacity (+5).
   It increases your rate of regeneration.
 p - a cursed +0 pair of boots (worn)
 R - a +2 cloak (worn)
Jewellery
 i - an amulet of regeneration (around neck)
 k - an uncursed ring of positive energy
 l - an uncursed ring of protection from magic
 u - an uncursed amulet of faith
 E - an uncursed ring of poison resistance
 H - a ring of protection from magic (left hand)
 I - an uncursed amulet of the gourmand
 Q - the ring of the Saviour (right hand) {rElec rN+ Dex+2 Stlth+}
   (You bought it in a shop on level 12 of the Dungeon)

   [ring of positive energy]

   It affects your dexterity (+2).
   It insulates you from electricity.
   It protects you from negative energy.
   It makes you more stealthy.
Wands
 a - a wand of polymorph (6)
 s - a wand of digging (2)
 A - a wand of disintegration (31)
 G - a wand of flame (38)
 J - a wand of iceblast (1)
 N - a wand of random effects (65)
Scrolls
 b - 10 scrolls of remove curse
 j - a scroll of silence
 n - 2 scrolls of magic mapping
 z - 5 scrolls of identify
 C - 6 scrolls of amnesia
 K - 2 scrolls of teleportation
Potions
 d - 4 potions of mutation
 q - 8 potions of lignification
 r - a potion of curing
 x - 2 potions of flight
 B - 6 potions of brilliance
 M - a potion of cancellation
Miscellaneous
 D - a lightning rod (4/4)
Comestibles
 g - 34 rations
 h - 9 chunks of flesh


   Skills:
 * Level 11.5 Fighting
 - Level 15.0 Short Blades
 - Level 2.0 Throwing
 - Level 10.5 Armour
 * Level 10.8 Dodging
 * Level 11.4 Stealth
 - Level 3.2 Spellcasting
   Level 14.5 Charms
   Level 12.1 Earth Magic
 - Level 13.6 Invocations


You had 21 spell levels left.
You didn't know any spells.
Your spell library contained the following spells:

 Spells                   Type           Power        Failure   Level  Hunger
 Passwall                 Tmut/Erth      ##......     4%          2    ###....
 Lee's Rapid Deconstruct  Erth           ####......   6%          5    ######.
 Leda's Liquefaction      Hex/Erth       ##........   28%         4    #####..
 Corona                   Hex            #......      34%         1    #......
 Summon Small Mammal      Summ           #...         34%         1    #......
 Call Imp                 Summ           #.......     45%         2    ###....
 Slow                     Hex            #.......     45%         2    ###....
 Borgnjor's Vile Clutch   Necr/Erth      ##........   61%         5    ######.
 Call Canine Familiar     Summ           #.......     71%         3    ###....
 Inner Flame              Hex/Fire       #.......     71%         3    ###....
 Portal Projectile        Hex/Tloc       #.....       71%         3    ###....
 Summon Guardian Golem    Hex/Summ       #.......     71%         3    ###....
 Cause Fear               Hex            #.........   98%         4    #####..
 Ice Form                 Ice/Tmut       #.......     98%         4    #####..
 Summon Ice Beast         Ice/Summ       #.......     98%         4    #####..
 Summon Lightning Spire   Summ/Air       #.......     98%         4    #####..
 Metabolic Englaciation   Hex/Ice        #.........   100%        5    ######.
 Bolt of Cold             Conj/Ice       #.........   100%        6    #######
 Freezing Cloud           Conj/Ice/Air   #.........   100%        6    #######
 Ozocubu's Refrigeration  Ice            #.........   100%        6    #######
 Simulacrum               Ice/Necr       #.........   100%        6    #######


Dungeon Overview and Level Annotations

Branches:
Dungeon (15/15)            Temple (1/1) D:4            Lair (6/6) D:11
  Swamp (0/4) Lair:4       Spider (0/4) Lair:2        Slime (0/5) Lair:5
    Orc (2/2) D:12            Elf (2/3) Orc:2        Depths (0/5) D:15
 Vaults: D:13-14

Altars:
Ashenzari
Cheibriados
Dithmenos
Elyvilon
Fedhas
Gozag
Hepliaklqana
Kikubaaqudgha
Makhleb
Nemelex Xobeh
Okawaru
Qazlal
Ru
Sif Muna
Trog
Uskayaw
Vehumet
Wu Jian
Xom
Yredelemnul
Zin
The Shining One
Beogh
Jiyva

Shops:
D:4 ((   D:6 [   D:10 ?   D:12 =   D:14 *   Orc:2 *(=[

Annotations:
D:14 2 runed translucent doors
D:15 Josephine
Lair:5 1 runed translucent door
Elf:2 3 runed translucent doors


Innate Abilities, Weirdness & Mutations

You are small and have problems with some larger weapons.
You are somewhat resistant to further mutation.


Message History

The yaktaur captain hits you with a +6 hand axe of venom!!
* * * LOW HITPOINT WARNING * * *
You emit a cloud of dark smoke.
You are lethally poisoned!
You feel better.
Unknown command.
You hit the yaktaur captain.
The yaktaur captain is almost dead.
Your shadow hits the yaktaur captain with a rapier.
The yaktaur captain hits you with a +6 hand axe of venom!!
* * * LOW HITPOINT WARNING * * *
You emit a cloud of dark smoke.
You are poisoned.
You feel better. The yaktaur captain barely misses you.
Unknown command.
The yaktaur captain unwields a +6 hand axe of venom.
It stops dripping with poison.
The yaktaur captain wields a +0 arbalest.
The yaktaur captain shoots a bolt.
The bolt hits you!!!
You die...

#.........
#...≈≈#....
#....≈#....
#.(..≈####. ##
#(...≈≈≈≈## ##≈
#...§§§≈≈≈## ##≈≈
##.§§c§§≈≈≈# #≈≈≈
#(§§§§§≈≈≈# #≈≈≈
#.§§@§§≈≈≈########≈≈≈
##§§§§§.≈≈≈≈≈≈≈≈≈≈≈≈≈
#.§(§...≈≈≈≈≈≈≈≈≈≈≈.
##§§......≈≈≈≈≈≈≈...
##§(.......≈≈≈.....
###...............
####..........##
############


You could see a yaktaur captain.

Vanquished Creatures
  Frances (D:13)
  Kirke (D:14)
  Agnes (D:15)
  A sphinx (D:14)
  2 orc warlords
  A very ugly thing (D:14)
  A yaktaur captain (D:14)
  Harold (D:7)
  A rakshasa (D:10)
  6 hydras
  2 vault guards (D:14)
  A death knight (D:14)
  4 centaur warriors
  The ghost of mechatronicus the Fighter, a novice DsMo of Uskayaw (D:8)
  10 dancing weapons
  2 two-headed ogres
  A tengu warrior (D:14)
  2 ogre magi
  2 orc high priests (Orc:2)
  Urug (Lair:2)
  Nergalle (D:12)
  Sonja (D:12)
  3 deep elf knights (Elf:1)
  3 skeletal warriors
  2 fire crabs
  2 unseen horrors
  3 deep elf archers (Elf:1)
  Pikel (D:7)
  11 deep elf magi
  A wolf spider zombie (D:15)
  A harpy (shapeshifter) (D:13)
  4 orc knights
  4 orc sorcerers
  4 cyclopes
  2 wolf spiders (Lair:6)
  2 ugly things
  3 manticores
  6 black mambas
  A guardian serpent (Lair:6)
  A naga mage (D:15)
  A gargoyle (D:13)
  13 spiny frogs
  2 efreet
  3 kobold demonologists
  11 komodo dragons
  3 tengu conjurers
  A meliai (D:15)
  A polar bear (Lair:6)
  10 trolls
  A slime creature (D:13)
  Grinder (D:4)
  4 jumping spiders (Lair:2)
  3 hornets
  2 bog bodies (Lair:4)
  5 dream sheep (Lair:6)
  11 hippogriffs
  18 blink frogs
  2 air elementals (Elf:2)
  2 wraiths
  Sigmund (D:4)
  A redback (shapeshifter) (Elf:1)
  A shadow (D:13)
  5 redbacks
  9 humans (D:14)
  55 yaks
  13 wyverns
  2 water elementals
  A fire elemental (Elf:1)
  A hog (shapeshifter) (D:13)
  4 basilisks
  3 vampire mosquitoes (D:13)
  3 hungry ghosts
  4 wargs
  Edmund (D:6)
  A soldier ant (D:13)
  14 water moccasins
  Duvessa (D:4)
  9 ice beasts
  4 porcupines
  A black bear (D:6)
  A hornet zombie (D:7)
  27 orc warriors
  5 sky beasts
  A slave (D:7)
  2 phantoms
  A necrophage (D:8)
  12 ogres
  4 centaurs
  4 wolves (Lair:2)
  12 crocodiles
  4 big kobolds
  The ghost of Glamhuggeren the Sneak, an amateur VSAs (D:3)
  17 bullfrogs
  2 earth elementals (Elf:1)
  Dowan (D:4)
  2 wyvern skeletons
  2 scorpions
  5 killer bees
  4 wights (D:8)
  2 howler monkeys
  3 electric eels
  5 centaur zombies
  5 crimson imps
  A quasit (D:10)
  18 orc priests
  8 hounds
  A jelly (D:13)
  4 centaur skeletons
  7 bullfrog skeletons
  Ijyb (D:3)
  2 iguanas
  34 orc wizards
  7 worker ants
  2 hound skeletons (D:5)
  3 worker ant zombies
  A howler monkey zombie (D:5)
  2 howler monkey skeletons
  4 gnolls (Orc:1)
  7 adders
  A shadow imp (D:11)
  A howler monkey simulacrum (D:8)
  An ooze (D:1)
  3 adder zombies
  4 adder skeletons
  2 worms
  2 dart slugs (D:2)
  A leopard gecko (D:7)
  63 orcs
  2 ball pythons
  5 giant cockroaches
  14 goblins
  5 hobgoblins
  9 jackals
  9 quokkas
  6 bats (D:1)
  6 frilled lizards
  A giant cockroach zombie (D:5)
  A jackal skeleton (D:4)
  15 kobolds
  A leopard gecko skeleton (D:4)
  A leopard gecko zombie (D:5)
  2 quokka skeletons
  3 quokka zombies (D:5)
  7 rats
715 creatures vanquished.

Vanquished Creatures (others)
  A fire giant (D:14)
  A water elemental (Elf:2)
  A yak (Lair:2)
  4 humans (D:14)
  A bullfrog (D:14)
  6 fungi
  11 plants (Lair:6)
25 creatures vanquished.

Grand Total: 740 creatures vanquished

Notes
Turn   | Place    | Note
-------+----------+-------------------------------------------
     0 | D:1      | Amplified the Halfling Assassin began the quest for the
                  | Orb.
     0 | D:1      | Reached XP level 1. HP: 14/14 MP: 1/1
   270 | D:1      | Reached XP level 2. HP: 19/19 MP: 2/2
   477 | D:1      | Reached skill level 3 in Short Blades
   505 | D:1      | Reached XP level 3. HP: 19/24 MP: 3/3
  1054 | D:2      | Reached XP level 4. HP: 26/29 MP: 4/4
  1244 | D:2      | Reached skill level 5 in Stealth
  1761 | D:3      | Noticed Ijyb
  1859 | D:3      | Killed Ijyb
  1859 | D:3      | Reached XP level 5. HP: 32/34 MP: 5/5
  2252 | D:3      | Found a transporter.
  2252 | D:3      | Noticed Glamhuggeren's ghost (amateur VSAs)
  2279 | D:3      | Found a transporter.
  2353 | D:4      | Found Naalyckuh's Antique Weapon Emporium.
  2448 | D:4      | Reached skill level 4 in Short Blades
  2490 | D:4      | Found Tucoota's Antique Weapon Emporium.
  2612 | D:4      | Noticed Dowan
  2631 | D:4      | Noticed Sigmund
  2659 | D:5      | Entered Level 5 of the Dungeon
  2896 | D:5      | Reached XP level 6. HP: 33/41 MP: 6/6
  3044 | D:5      | Found the +4 moon troll leather armour {Spirit, Regen++
                  | MP+5}
  3179 | D:5      | Reached skill level 5 in Short Blades
  3179 | D:5      | Reached XP level 7. HP: 45/45 MP: 7/7
  3943 | D:4      | Noticed Grinder
  4335 | D:3      | Killed Glamhuggeren's ghost
  4335 | D:3      | Reached XP level 8. HP: 52/52 MP: 8/8
  4447 | D:4      | Reached skill level 6 in Short Blades
  4546 | D:4      | Killed Sigmund
  4546 | D:4      | Reached skill level 5 in Dodging
  4566 | D:4      | Noticed Duvessa
  4678 | D:4      | Killed Duvessa
  4694 | D:4      | Killed Dowan
  4769 | D:4      | Found a staircase to the Ecumenical Temple.
  4900 | D:4      | Found a blossoming altar of Fedhas.
  4945 | D:4      | Killed Grinder
  4945 | D:4      | Reached skill level 7 in Short Blades
  4945 | D:4      | Reached XP level 9. HP: 58/58 MP: 9/9
  4974 | Temple   | Entered the Ecumenical Temple
  5350 | D:6      | Found Baos's Armour Shop.
  5666 | D:6      | Noticed Edmund
  5670 | D:6      | Killed Edmund
  5670 | D:6      | Reached skill level 8 in Short Blades
  5777 | D:7      | Noticed Harold
  5807 | D:7      | Killed Harold
  5807 | D:7      | Reached skill level 9 in Short Blades
  5807 | D:7      | Reached XP level 10. HP: 31/65 MP: 7/10
  5818 | D:7      | Reached skill level 5 in Fighting
  6020 | D:7      | Noticed Pikel
  6025 | D:7      | Killed Pikel
  6025 | D:7      | Reached skill level 10 in Stealth
  6107 | D:7      | Found a bloodstained altar of Trog.
  6108 | D:7      | Found an iron altar of Okawaru.
  6330 | D:8      | Found an ancient bone altar of Kikubaaqudgha.
  6330 | D:8      | Found a shadowy altar of Dithmenos.
  6330 | D:8      | Found a burning altar of Makhleb.
  6383 | D:8      | Became a worshipper of Dithmenos the Shadowed
  6455 | D:8      | Found a transporter.
  6586 | D:8      | Found a transporter.
  6586 | D:8      | Noticed mechatronicus's ghost (novice DsMo)
  6616 | D:8      | Reached skill level 10 in Short Blades
  6674 | D:8      | Identified a scroll of acquirement
  7032 | D:8      | Killed mechatronicus's ghost
  7032 | D:8      | Reached * piety under Dithmenos
  7032 | D:8      | Reached XP level 11. HP: 57/72 MP: 4/11
  7470 | D:9      | Noticed a two-headed ogre
  7490 | D:9      | Killed a two-headed ogre
  7709 | D:10     | Entered Level 10 of the Dungeon
  7720 | D:10     | Reached skill level 5 in Earth Magic
  7830 | D:10     | Reached skill level 11 in Short Blades
  7930 | D:10     | Noticed a rakshasa
  7937 | D:10     | Killed a rakshasa
  7937 | D:10     | Reached skill level 10 in Dodging
  8139 | D:10     | Found Jefeot's Magic Scroll Emporium.
  8148 | D:10     | Bought a scroll of acquirement for 676 gold pieces
  8413 | D:10     | Reached skill level 1 in Invocations
  8459 | D:11     | Noticed a cyclops
  8478 | D:11     | Killed a cyclops
  8649 | D:11     | Reached ** piety under Dithmenos
  8741 | D:11     | Noticed a soul eater
  8775 | D:11     | Found a staircase to the Lair.
  8867 | D:11     | Noticed a two-headed ogre
  8868 | D:11     | Noticed a cyclops
  8895 | D:11     | Killed a two-headed ogre
  8907 | D:11     | Killed a cyclops
  8907 | D:11     | Reached skill level 5 in Invocations
  8907 | D:11     | Reached XP level 12. HP: 66/80 MP: 13/15
  9363 | D:12     | Reached skill level 12 in Short Blades
  9364 | D:12     | Found a shimmering altar of Xom.
  9578 | Lair:1   | Entered Level 1 of the Lair of Beasts
  9600 | Lair:1   | You fall through a shaft!
  9776 | Lair:2   | Reached skill level 1 in Armour
  9832 | Lair:2   | Reached *** piety under Dithmenos
  9934 | Lair:2   | Noticed Urug
 10009 | Lair:2   | Killed Urug
 10236 | Lair:2   | Found a hole to the Spider Nest.
 10521 | Lair:3   | Reached skill level 10 in Earth Magic
 11014 | Lair:3   | Reached XP level 13. HP: 76/86 MP: 20/20
 11357 | Lair:4   | Reached skill level 1 in Charms
 11538 | Lair:4   | Reached skill level 5 in Armour
 11557 | Lair:4   | Reached skill level 10 in Invocations
 11754 | Lair:4   | Noticed a four-headed hydra
 11776 | Lair:4   | Killed a four-headed hydra
 11862 | Lair:4   | Reached **** piety under Dithmenos
 11958 | Lair:4   | Found a staircase to the Swamp.
 12120 | Lair:4   | Reached skill level 5 in Charms
 12486 | Lair:5   | Noticed a six-headed hydra
 12504 | Lair:5   | Killed a six-headed hydra
 12686 | Lair:5   | Noticed a four-headed hydra
 12740 | Lair:5   | Killed a four-headed hydra
 12954 | Lair:5   | Found a runed translucent door.
 12955 | Lair:5   | Found a viscous altar of Jiyva.
 12957 | Lair:5   | Found a staircase to the Slime Pits.
 13076 | Lair:5   | Got a crystal short sword
 13077 | Lair:5   | Identified the cursed +1 short sword "Fuvull" {speed, MR+
                  | Str-2 Int+3} (You found it on level 5 of the Lair of
                  | Beasts)
 13170 | Lair:6   | Entered Level 6 of the Lair of Beasts
 13170 | Lair:6   | Noticed an eight-headed hydra
 13189 | Lair:6   | Killed an eight-headed hydra
 13487 | Lair:6   | Reached XP level 14. HP: 94/94 MP: 23/23
 13682 | Lair:6   | Reached ***** piety under Dithmenos
 14322 | Lair:6   | Reached skill level 10 in Charms
 15693 | D:12     | Found Peluderoip's Jewellery Shop.
 15693 | D:12     | Noticed Sonja
 15764 | D:12     | Killed Sonja
 15803 | D:12     | Bought an uncursed ring of poison resistance for 240 gold
                  | pieces
 15803 | D:12     | Bought the ring of the Saviour {rElec rN+ Dex+2 Stlth+} for
                  | 492 gold pieces
 15920 | D:12     | Noticed Nergalle
 15927 | D:12     | Killed Nergalle
 15951 | D:12     | Found a staircase to the Orcish Mines.
 16352 | Orc:1    | Entered Level 1 of the Orcish Mines
 16577 | Orc:2    | Entered Level 2 of the Orcish Mines
 16613 | Orc:1    | Found a frozen archway.
 16659 | Orc:1    | Reached ****** piety under Dithmenos
 16693 | IceCv    | Entered an ice cave
 16847 | IceCv    | Reached XP level 15. HP: 29/101 MP: 7/25
 17403 | Orc:2    | Found a staircase to the Elven Halls.
 17404 | Orc:2    | Noticed an orc warlord
 17494 | D:13     | Reached skill level 10 in Armour
 17509 | D:13     | Noticed Frances
 17519 | D:13     | Killed Frances
 18044 | D:13     | Reached skill level 1 in Spellcasting
 18922 | Orc:1    | Killed an orc warlord
 19203 | Orc:2    | Noticed an orc warlord
 20034 | D:14     | Found a runed translucent door.
 20044 | D:14     | Found Togilel's Book Shop.
 20060 | D:14     | Found Nunesav's General Store.
 20062 | D:14     | You fall through a shaft!
 20062 | D:15     | Entered Level 15 of the Dungeon
 20080 | D:15     | Noticed Agnes
 20093 | D:15     | Killed Agnes
 20138 | D:15     | Reached skill level 10 in Fighting
 20384 | D:15     | Noticed Josephine
 20458 | D:14     | Noticed Kirke
 20481 | D:14     | Killed Kirke
 20493 | D:14     | Reached skill level 13 in Short Blades
 20525 | D:14     | Reached XP level 16. HP: 109/109 MP: 26/26
 20901 | D:14     | Found the +2 shield of Resistance {rF+ rC+ MR+}
 20992 | D:14     | Bought a +0 lajatang of speed for 705 gold pieces
 21031 | D:14     | Found a runed translucent door.
 21474 | Orc:2    | Found a roughly hewn altar of Beogh.
 21595 | Orc:2    | Found Nareluc's Jewellery Boutique.
 21655 | Orc:2    | Reached skill level 14 in Short Blades
 21711 | Orc:2    | Found Cellanou's Antique Weapon Boutique.
 21790 | Orc:2    | Found Quqepp's Antique Armour Boutique.
 21796 | Orc:2    | Bought a pair of transparent boots for 256 gold pieces
 21857 | Orc:2    | Identified the +0 pair of boots of the Skies Above {+Blink
                  | MP+9 Str-5 Stlth+} (You bought it in a shop on level 2 of
                  | the Orcish Mines)
 21980 | Orc:2    | Found Romaceb's General Store.
 22078 | Elf:1    | Entered Level 1 of the Elven Halls
 22804 | Elf:1    | Reached skill level 15 in Short Blades
 23106 | Elf:2    | Found a runed translucent gate.
 23107 | Elf:2    | Found a runed translucent gate.
 23108 | Elf:2    | Found a runed translucent gate.
 23180 | Elf:2    | Identified Baoqel's Tome of Clay (You acquired it on level
                  | 2 of the Elven Halls)
 23293 | Orc:2    | Bought an embroidered cloak for 202 gold pieces
 23568 | D:14     | Noticed a fire giant
 23587 | D:14     | Killed a fire giant
 23724 | D:14     | Noticed a sphinx
 23786 | D:14     | Killed a sphinx
 23902 | D:14     | Shot with a bolt by a yaktaur captain

Skill      XL: |  1  2  3  4  5  6  7  8  9 10 11 12 13 14 15 16 |
---------------+-------------------------------------------------+-----
Short Blades   | 3 4 5 7 9 10 11 12 13 15 | 15.0
Fighting       | 2 3 4 5 6 7 8 9 10 11 | 11.5
Dodging        | 2 3 4 6 7 9 10 | 10.8
Stealth        | 5 6 8 9 10 11 | 11.4
Earth Magic    | 2 7 10 12 | 12.1
Invocations    | 5 9 12 13 | 13.6
Armour         | 4 7 9 10 | 10.5
Charms         | 7 11 14 | 14.5
Spellcasting   | 3 |  3.2
Throwing       | |  2.0

Action                   |  1- 3 |  4- 6 |  7- 9 | 10-12 | 13-15 | 16-18 || total
-------------------------+-------+-------+-------+-------+-------+-------++-------
Melee: Dagger            |   170 |   305 |       |       |       |       ||   475
       Short sword       |       |    36 |   352 |   970 |  2213 |       ||  3571
       Rapier            |       |       |       |       |   108 |   793 ||   901
       Long sword        |       |       |       |       |     4 |       ||     4
Throw: Throwing net      |       |       |       |       |     4 |       ||     4
Evoke: Wand              |       |     5 |     1 |    24 |    25 |    16 ||    71
       Lightning rod     |       |       |       |       |       |     3 ||     3
  Use: Scroll            |     3 |     8 |     1 |     8 |    25 |     4 ||    49
       Potion            |     4 |     7 |     4 |     8 |    11 |     4 ||    38
 Stab: Sleeping          |     8 |     3 |     7 |    29 |    68 |    16 ||   131
       Distracted        |       |       |     1 |     4 |     6 |     6 ||    17
       Invisible         |       |       |       |       |     4 |       ||     4
       Fleeing           |       |       |       |       |     1 |       ||     1
       Held in net/web   |       |       |       |       |     3 |       ||     3
  Eat: Chunk             |     1 |     6 |     9 |    11 |    23 |     4 ||    54
       Ration            |       |       |       |     3 |     3 |     2 ||     8
Armor: Robe              |    32 |    36 |       |       |       |       ||    68
       Troll leather arm |       |     3 |    79 |    89 |   310 |    87 ||   568
Dodge: Dodged            |   110 |   238 |   248 |   618 |  1957 |   393 ||  3564
       Rpst.: Long sword |       |       |       |       |     4 |       ||     4
